 Dungeon Crawl Stone Soup version 0.30-a0-568-g124715a40b (webtiles) character file.

Game seed: 13015579232389605276

57 PyroL the Chiller (level 3, -3/26 HPs)
             Began as a Draconian Ice Elementalist on Dec 28, 2022.
             Killed from afar by Grinder (18 damage)
             ... with a bolt of dispelling energy
             ... on level 3 of the Dungeon.
             The game lasted 00:03:39 (1802 turns).

PyroL the Chiller (Draconian Ice Elementalist)      Turns: 1802, Time: 00:03:39

Health: -3/26      AC: 12    Str: 10    XL:     3   Next: 73%
Magic:  1/7        EV: 12    Int: 17    God:
Gold:   133        SH:  0    Dex: 11    Spells: 1/8 levels left

rFire   . . .      SeeInvis .    d - +0 dagger
rCold   . . .      Faith    .    (no shield)
rNeg    . . .      Spirit   .    (body armour unavailable)
rPois   +          Reflect  .    (helmet restricted)
rElec   .          Harm     .    (no cloak)
rCorr   .          Rampage  .    (no gloves)
Will    .....                    s - +0 pair of boots
Stlth   ++                       (no amulet)
HPRegen 0.24/turn                b - ring of poison resistance
MPRegen 0.10/turn                g - +4 ring of slaying

@: ice-armoured (expiring)
A: AC +5, unfitting armour, cold-blooded
a: no special abilities


You were on level 3 of the Dungeon.
You visited 1 branch of the dungeon, and saw 3 of its levels.

You collected 133 gold pieces.

Inventory:

Hand Weapons
 d - a +0 dagger (weapon)
Missiles
 r - 2 curare-tipped darts
Armour
 s - a +0 pair of boots (worn)
Jewellery
 b - a ring of poison resistance (left hand)
 g - a +4 ring of slaying (right hand)
 j - a +5 ring of evasion
Scrolls
 c - a scroll of enchant armour {unknown}
 e - 2 scrolls of poison
 f - a scroll of vulnerability {unknown}
 i - a scroll of identify {unknown}
 k - a scroll of teleportation {unknown}
 n - a scroll of butterflies {unknown}
 p - 2 scrolls of amnesia {unknown}
 u - a scroll of enchant weapon {unknown}
Potions
 a - a potion of magic
 h - a potion of resistance {unknown}
 l - a potion of heal wounds {unknown}
 m - 2 potions of curing {unknown}
 o - a potion of flight {unknown}
 q - a potion of degeneration {unknown}
 t - a potion of might {unknown}


   Skills:
 - Level 1.7 Dodging
 - Level 1.7 Stealth
 + Level 3.0 Spellcasting
 + Level 4.7 Ice Magic


You had one spell level left.
You knew the following spells:

 Your Spells              Type           Power      Damage    Failure   Level
a - Freeze                Ice            72%        1d8       2%          1
b - Ozocubu's Armour      Ice            18%        N/A       8%          3
c - Frozen Ramparts       Ice            36%        1d6       8%          3

Your spell library contained the following spells:

 Spells                   Type           Power      Damage    Failure   Level
 Slow                     Hex            8%         N/A       17%         1
 Sting                    Tmut/Pois      8%         1d3       17%         1
 Poisonous Vapours        Pois/Air       4%         N/A       26%         2
 Confusing Touch          Hex            2%         N/A       45%         3
 Vampiric Draining        Necr           2%         2d6       45%         3
 Summon Ice Beast         Ice/Summ       10%        N/A       54%         4
 Olgreb's Toxic Radiance  Pois           2%         N/A       86%         4


Dungeon Overview and Level Annotations

Branches:
Dungeon (3/15)

Altars:

Shops:
D:2 ?

Annotations:
D:3 Grinder


Innate Abilities, Weirdness & Mutations

Your plain brown scales are hard. (AC +5)
You cannot fit into any form of body armour.
You are cold-blooded and may be slowed by cold attacks.


Message History

The wall freezes Grinder but does no damage.
Grinder hits you.
You barely miss Grinder. You tail-slap Grinder.
Grinder is moderately wounded.
Grinder resists.
The wall freezes Grinder.
Grinder zaps a wand.
The bolt of dispelling energy misses you.
You closely miss Grinder.
Grinder is moderately wounded.
Grinder completely resists.
The wall freezes Grinder but does no damage.
Grinder barely misses you.
You closely miss Grinder.
Your tail-slap misses Grinder.
Grinder is moderately wounded.
Grinder completely resists.
The wall freezes Grinder but does no damage.
Grinder blinks!
Grinder completely resists.
The wall freezes Grinder but does no damage.
You puncture Grinder!
Grinder is moderately wounded.
Grinder completely resists.
The wall freezes Grinder but does no damage.
Grinder misses you.
You hit Grinder.
Grinder is heavily wounded.
Grinder completely resists.
The wall freezes Grinder but does no damage.
Grinder hits you.
* * * LOW HITPOINT WARNING * * *
You barely miss Grinder. You tail-slap Grinder.
Grinder is heavily wounded.
The frozen ramparts melt away.
Grinder blinks!
Grinder gestures at you. You resist with significant effort.
Grinder blinks!
Grinder zaps a wand.
The bolt of dispelling energy hits you!!
Your magical effects are unravelling.
Ouch! That really hurt!
You die...

#.# #.# #.#
#.# #<# #.#
#.#
#.########
#..5.ยง.@.#
########.#
.# .# .# .#
.# <#


You could see Grinder.

Vanquished Creatures
  An adder (D:2)
  A worm (D:2)
  2 dart slugs (D:1)
  7 bats
  2 endoplasms (D:2)
  2 giant cockroaches (D:2)
  2 goblins
  5 hobgoblins (D:1)
  4 jackals (D:1)
  A quokka (D:2)
  3 ball pythons
  A frilled lizard (D:2)
  3 kobolds
  2 rats (D:1)
36 creatures vanquished.

Notes
Turn   | Place    | Note
-------+----------+-------------------------------------------
     0 | D:1      | PyroL the Draconian Ice Elementalist began the quest for
                  | the Orb.
     0 | D:1      | Reached XP level 1. HP: 14/14 MP: 3/3
   146 | D:1      | Reached XP level 2. HP: 20/20 MP: 0/5
  1070 | D:2      | Found a faded altar of an unknown god.
  1141 | D:2      | Reached XP level 3. HP: 20/26 MP: 2/7
  1167 | D:2      | Learned a level 3 spell: Ozocubu's Armour
  1171 | D:2      | Learned a level 3 spell: Frozen Ramparts
  1526 | D:2      | Found Janablu's Magic Scroll Shoppe.
  1767 | D:3      | Noticed Grinder
  1779 | D:3      | Paralysed by Grinder for 5 turns
  1802 | D:3      | Killed from afar by Grinder

Illustrated notes

Levels and vault maps discovered:
D:1:      scummos_arrival_star, layout_loops_ring
D:2:      layout_basic, serial_shops, shop, chequers_ecumenical_altar_island
D:3:      layout_loops_ring, minmay_ogre_servants, uniq_grinder

Skill      XL: |  1  2  3 |
---------------+----------+-----
Spellcasting   | 3 |  3.0
Dodging        | |  1.7
Stealth        | |  1.7
Ice Magic      | |  4.7

Action                   || total
-------------------------++-------
Melee: Unarmed           ||     7
       Dagger            ||    50
       Tailslap          ||     9
 Cast: Freeze            ||    30
       Frozen Ramparts   ||     2
       Ozocubu's Armour  ||     1
  Use: Scroll            ||     1
 Stab: Sleeping          ||     4
Armor: Skin              ||    20
Dodge: Dodged            ||    51

Table legend: (Time is in decaauts)
 A = Elapsed time spent in this place.
 B = Non-inter-level travel time spent in this place.
 C = Inter-level travel time spent in this place.
 D = Time resting spent in this place.
 E = Time spent auto-exploring this place.
 F = Levels seen in this place.
 G = Mean time per level.
                   A        B        C        D        E       F      G
               +--------+--------+--------+--------+--------+-----+--------+
         Total |   1804 |   1736 |     68 |    120 |   1279 |   3 |  601.3 |
       Dungeon |   1804 |   1736 |     68 |    120 |   1279 |   3 |  601.3 |
               +--------+--------+--------+--------+--------+-----+--------+

Top non-repeatable levels by time:
     D:1: 1056 daAuts
     D:2: 702 daAuts
     D:3: 44 daAuts
